 Dungeon Crawl Stone Soup version 0.28-a0-1518-gbe868bca14 (webtiles) character file.

Game seed: 13946282493457922911

3507 Lekart the Carver (level 9, -1/85 HPs)
             Began as a Green Draconian Abyssal Knight on Jan 17, 2022.
             Was an Elder of Lugonu.
             Killed by divine providence
             ... invoked by an orc priest
              (14 damage)
             ... on level 8 of the Dungeon.
             The game lasted 00:09:10 (7285 turns).

Lekart the Carver (Green Draconian Abyssal Knight)  Turns: 7285, Time: 00:09:11

Health: -1/85      AC:  7    Str: 13    XL:     9   Next: 81%
Magic:  13/13      EV: 17    Int: 11    God:    Lugonu [****..]
Gold:   353        SH:  0    Dex: 20    Spells: 8/8 levels left

rFire   . . .      SeeInvis .   j - +7 long sword of Meki {holy, Will+ Dex+4}
rCold   . . .      Faith    .   (no shield)
rNeg    . . .      Spirit   .   (armour unavailable)
rPois   +          Reflect  .   (helmet restricted)
rElec   .          Harm     .   (no cloak)
rCorr   .          Rampage  .   (no gloves)
Will    +....                   (no boots)
Stlth   +.........              (no amulet)
HPRegen 0.24/turn               (no ring)
MPRegen 0.13/turn               (no ring)

@: lethally poisoned (-1 -> -7), lit by a corona, glowing
A: breathe noxious fumes, AC +7, unfitting armour, poison resistance,
cold-blooded, robust 1, weak 1
a: Breathe Noxious Fumes, Renounce Religion, Depart the Abyss, Bend Space,
Banish, Corrupt


You were on level 8 of the Dungeon.
You worshipped Lugonu.
Lugonu was greatly pleased with you.
You visited 1 branch of the dungeon, and saw 8 of its levels.
You visited the Abyss 1 time.

You collected 375 gold pieces.
You spent 22 gold pieces at shops.

Inventory:

Hand Weapons
 a - a +1 falchion
 e - a +2 short sword of freezing
 j - the +7 long sword of Meki (weapon) {holy, Will+ Dex+4}
   (You found it on level 3 of the Dungeon)

   It has been blessed by the Shining One to cause great damage to the undead
   and demons.
   Dex:       It affects your dexterity (+4).
   Will:      It increases your willpower.
Jewellery
 h - an amulet of faith
 u - a ring of flight
Wands
 b - a wand of flame (39)
 k - a wand of mindburst (10)
Scrolls
 g - a scroll of amnesia
 i - 3 scrolls of teleportation
 m - a scroll of enchant armour
 o - a scroll of torment {unknown}
 p - 2 scrolls of identify
 s - 2 scrolls of fog
 v - a scroll of vulnerability {unknown}
Potions
 c - 3 potions of curing
 d - a potion of brilliance
 f - a potion of lignification {unknown}
 l - 2 potions of might {unknown}
 n - a potion of cancellation {unknown}
 q - 2 potions of degeneration {unknown}
 r - a potion of haste
 t - a potion of heal wounds {unknown}


   Skills:
 + Level 6.7 Fighting
 + Level 3.5(6.3) Short Blades
 + Level 8.2(8.6) Long Blades
 * Level 7.3 Dodging
 * Level 6.5 Invocations


You had 8 spell levels left.
You didn't know any spells.
Your spell library contained the following spells:

 Spells                   Type           Power      Damage    Failure   Level
 Confusing Touch          Hex            0%         N/A       71%         3
 Summon Forest            Summ/Tloc      0%         N/A       100%        5
 Summon Mana Viper        Hex/Summ       0%         N/A       100%        5
 Yara's Violent Unravell  Hex/Tmut       0%         3d3       100%        5
 Summon Cactus Giant      Summ           0%         N/A       100%        6
 Enfeeble                 Hex            0%         N/A       100%        7


Dungeon Overview and Level Annotations

Branches:
Dungeon (8/15)             Temple (0/1) D:6
   Lair: D:8-11

Altars:
Makhleb

Shops:
D:5 (   D:6 *

Annotations:
D:7 Harold


Innate Abilities, Weirdness & Mutations

You can breathe blasts of noxious fumes.
Your lurid green scales are hard. (AC +7)
You cannot fit into any form of body armour.
Your system is resistant to poisons. (rPois)
You are cold-blooded and may be slowed by cold attacks.
You are robust. (+10% HP)
You are weak. (Str -2)


Message History

The orc priest calls down the wrath of Beogh upon you.
You easily resist.
The orc priest hits you with a +0 hand axe.
You hit the orc warrior. You tail-slap the orc warrior.
The orc warrior is moderately wounded.
The orc warrior closely misses you.
The orc priest mumbles some strange prayers to Beogh against you.
Beogh smites you! The orc priest barely misses you. The orc misses you.
You hit the orc warrior.
The orc warrior is heavily wounded.
The orc warrior hits you with a +0 long sword.
The orc priest misses you.
The orc priest hits you but does no damage.
The orc misses you.
You barely miss the orc warrior.
The orc warrior is heavily wounded.
The orc warrior hits you with a +0 long sword!
The orc priest misses you.
The orc priest hits you with a +0 hand axe.
The orc hits you but does no damage.
You barely miss the orc warrior.
The orc warrior is heavily wounded.
The orc warrior barely misses you.
The orc priest mumbles some strange prayers to Beogh against you.
Beogh smites you!
The orc priest looks encouraged for a moment.
The orc hits you with a +2 dagger of venom.
You are poisoned.
You hit the orc warrior.
The orc warrior is heavily wounded.
You feel very sick. The orc warrior closely misses you.
The orc priest misses you. The orc priest closely misses you.
The orc closely misses you.
You feel very sick.
The orc priest invokes the aid of Beogh against you.
Beogh smites you!
* * * LOW HITPOINT WARNING * * *
The orc priest calls down the wrath of Beogh upon you.
Beogh smites you!
You die...

##.....##
##.......##
#.........#
+.........+
#.........#
#..?....#
#.....#
####@..#
#.oo#+##
#..oo..#
#.......#
..........#
###........
##........
##...(..##
##.##.##


You could see an orc warrior, 2 orc priests and an orc.

Vanquished Creatures
  A two-headed ogre (D:5)
  The ghost of chipmonk the Conjurer, a novice DECj of Vehumet (D:5)
  Grinder (D:6)
  A steam dragon (D:6)
  Edmund (D:4)
  2 water moccasins
  Duvessa (D:4)
  An ice beast (D:6)
  2 sky beasts
  2 necrophages
  A black bear (D:6)
  The ghost of grizmgrazm2 the Magician, an amateur DjIE (D:3)
  An ogre (D:4)
  A phantom (D:4)
  A centaur (D:6)
  2 kobold brigands (D:5)
  Dowan (D:4)
  A water moccasin zombie (D:6)
  A howler monkey (D:6)
  5 centaur zombies
  5 hounds
  A jelly (D:7)
  3 bullfrog skeletons (D:5)
  2 centaur skeletons
  2 orc priests
  Ijyb (D:4)
  A scorpion zombie (D:5)
  2 orc wizards
  2 hound skeletons
  4 adders (D:3)
  2 worms
  5 dart slugs
  11 orcs
  4 endoplasms
  6 giant cockroaches
  7 goblins
  9 hobgoblins
  6 jackals (D:2)
  4 quokkas
  7 ball pythons
  11 bats
  A frilled lizard (D:2)
  13 kobolds
  4 rats
141 creatures vanquished.

Vanquished Creatures (others)
  2 withered plants (D:2)
2 creatures vanquished.

Grand Total: 143 creatures vanquished

Notes
Turn   | Place    | Note
-------+----------+-------------------------------------------
     0 | Abyss:1  | Lekart the Draconian Abyssal Knight began the quest for the
                  | Orb.
     0 | Abyss:1  | Reached XP level 1. HP: 19/19 MP: 2/2
     2 | Abyss:1  | Found a corrupted altar of Lugonu.
    68 | D:1      | Escaped the Abyss
   269 | D:1      | Reached XP level 2. HP: 26/26 MP: 3/3
   484 | D:1      | Reached ** piety under Lugonu
   781 | D:2      | Reached XP level 3. HP: 33/33 MP: 4/4
   874 | D:2      | Found a faded altar of an unknown god.
   934 | D:2      | Identified the +3 short sword of Lies {pain, Str+2}
  1814 | D:2      | Gained mutation: You are weak. (Str -2) [potion of
                  | mutation]
  1814 | D:2      | Gained mutation: You are robust. (+10% HP) [potion of
                  | mutation]
  1953 | D:3      | Reached skill level 1 in Short Blades
  1953 | D:3      | Reached XP level 4. HP: 16/44 MP: 4/6
  2499 | D:3      | Reached XP level 5. HP: 34/50 MP: 7/7
  2516 | D:3      | Reached *** piety under Lugonu
  2652 | D:3      | Found a runed translucent door.
  2796 | D:3      | Identified the +7 long sword of Meki {holy, Will+ Dex+4}
  3098 | D:3      | Noticed grizmgrazm2's ghost (amateur DjIE)
  3108 | D:3      | Killed grizmgrazm2's ghost
  3109 | D:3      | Reached XP level 6. HP: 40/57 MP: 8/8
  3259 | D:4      | Noticed Ijyb
  3282 | D:4      | Killed Ijyb
  3523 | D:4      | Noticed Edmund
  3533 | D:4      | Killed Edmund
  3534 | D:4      | Reached skill level 3 in Long Blades
  3534 | D:4      | Your scales start taking on a lurid green colour.
  3534 | D:4      | Reached XP level 7. HP: 42/66 MP: 9/9
  3534 | D:4      | Gained mutation: Your system is resistant to poisons.
                  | (rPois) [Green Draconian growth]
  4013 | D:4      | Noticed Duvessa
  4013 | D:4      | Noticed Dowan
  4033 | D:4      | Killed Duvessa
  4034 | D:4      | Reached skill level 5 in Dodging
  4035 | D:4      | HP: 3/99 [Dowan/puff of flame (4)]
  4036 | D:4      | HP: 1/99 [Dowan (3)]
  4037 | D:4      | Killed Dowan
  4659 | D:5      | Entered Level 5 of the Dungeon
  4663 | D:5      | Noticed a two-headed ogre
  4671 | D:5      | Reached skill level 4 in Long Blades
  4676 | D:5      | Killed a two-headed ogre
  4677 | D:5      | Reached skill level 5 in Fighting
  4677 | D:5      | Reached skill level 5 in Long Blades
  4677 | D:5      | Reached XP level 8. HP: 11/75 MP: 11/11
  5039 | D:5      | Reached **** piety under Lugonu
  5044 | D:5      | Reached skill level 5 in Invocations
  5196 | D:5      | Reached skill level 6 in Long Blades
  5233 | D:5      | Found a transporter.
  5236 | D:5      | Found a transporter.
  5237 | D:5      | Noticed chipmonk's ghost (novice DECj)
  5255 | D:5      | Killed chipmonk's ghost
  5256 | D:5      | Reached XP level 9. HP: 79/82 MP: 13/13
  5369 | D:5      | Found Niwyg's Weapon Shop.
  6032 | D:6      | Noticed Grinder
  6045 | D:6      | Paralysed by Grinder for 3 turns
  6048 | D:6      | Killed Grinder
  6049 | D:6      | Reached skill level 7 in Long Blades
  6561 | D:6      | Found a staircase to the Ecumenical Temple.
  6744 | D:6      | Found Siub's Assorted Antiques.
  6765 | D:6      | Bought an inky potion for 22 gold pieces
  6828 | D:6      | Found a burning altar of Makhleb.
  6879 | D:6      | Reached skill level 8 in Long Blades
  7256 | D:7      | Noticed Harold
  7285 | D:8      | Killed from afar by an orc priest

Illustrated notes

Levels and vault maps discovered:
D:1:      saegor_arrival_simple_a, layout_rooms, minmay_pentomino_t2
D:2:      kennysheep_six_static_rooms, layout_loops_ring,
          shapermc_ecumenical_altar_flowoftime, kennysheep_big_empty_room
D:3:      layout_rooms, ebering_ghost_reflecting_pool
D:4:      layout_cave_pods, uniq_ijyb, uniq_duvessa, uniq_edmund
D:5:      cheibrodos_thug_alley, layout_loops_cross, gammafunk_ghost_mausoleum,
          serial_shops, nicolae_shop_bloodbath_and_beyond
D:6:      layout_cave_pools, makhleb_blood_cavern_becter,
          minmay_temple_entry_antechambers, serial_shops,
          nicolae_shop_advertising_works [nicolae_subvault_shop_adworks],
          serial_glass, glass_columns_a, glass_columns_b, uniq_grinder
D:7:      layout_gridville, enter_bailey_3, uniq_harold
D:8:      layout_loops_corners, gammafunk_ghost_grave

Skill      XL: |  1  2  3  4  5  6  7  8  9 |
---------------+----------------------------+-----
Dodging        | 3 4 6 7 |  7.3
Short Blades   | 1 2 3 |  3.5
Fighting       | 4 5 6 |  6.7
Invocations    | 3 4 5 6 |  6.5
Long Blades    | 3 5 6 8 |  8.2

Action                   |  1- 3 |  4- 6 |  7- 9 || total
-------------------------+-------+-------+-------++-------
Melee: Falchion          |    22 |       |       ||    22
       Tailslap          |     6 |    13 |    38 ||    57
       Short sword       |   111 |    61 |       ||   172
       Long sword        |       |    55 |   187 ||   242
       Punch             |       |     2 |     3 ||     5
 Abil: Breathe Noxious F |       |       |     2 ||     2
  Use: Scroll            |     9 |       |     2 ||    11
       Potion            |     1 |     1 |     1 ||     3
 Stab: Sleeping          |     1 |       |     1 ||     2
       Confused          |       |       |     2 ||     2
Armor: Skin              |    45 |    36 |    43 ||   124
Dodge: Dodged            |   101 |    66 |   172 ||   339

Table legend: (Time is in decaauts)
 A = Elapsed time spent in this place.
 B = Non-inter-level travel time spent in this place.
 C = Inter-level travel time spent in this place.
 D = Time resting spent in this place.
 E = Time spent auto-exploring this place.
 F = Levels seen in this place.
 G = Mean time per level.
                   A        B        C        D        E       F      G
               +--------+--------+--------+--------+--------+-----+--------+
         Total |   7339 |   7093 |    246 |   1573 |   4359 |  10 |  733.9 |
       Dungeon |   7272 |   7026 |    246 |   1573 |   4309 |   8 |  909.0 |
         Abyss |     67 |     67 |      0 |      0 |     50 |   2 |   33.5 |
               +--------+--------+--------+--------+--------+-----+--------+

Top non-repeatable levels by time:
     D:4: 1476 daAuts
     D:2: 1397 daAuts
     D:5: 1364 daAuts
     D:3: 1068 daAuts
     D:6: 964 daAuts
     D:1: 694 daAuts
     D:7: 296 daAuts
 Abyss:2: 37 daAuts
 Abyss:1: 30 daAuts
     D:8: 9 daAuts
